 Dungeon Crawl Stone Soup version 0.29-a0-495-g17b79114eb (webtiles) character file.

Game seed: 144926763619047086

73951 dolemite99 the Warrior (level 15, -1/130 HPs)
             Began as a Minotaur Fighter on May 27, 2022.
             Was the Champion of Hepliaklqana.
             Slain by a ten-headed hydra (2 damage)
             ... on level 14 of the Dungeon.
             The game lasted 00:30:33 (26650 turns).

dolemite99 the Warrior (Minotaur Fighter)          Turns: 26650, Time: 00:30:33

Health: -1/130     AC: 22    Str: 24    XL:     15   Next: 5%
Magic:  18/18      EV:  7    Int:  5    God:    Hepliaklqana [******]
Gold:   226        SH: 16    Dex: 14    Spells: 14/14 levels left

rFire   + . .      SeeInvis .   b - +3 demon whip (venom)
rCold   + + .      Faith    .   M - +0 kite shield
rNeg    + . .      Spirit   .   R - +3 chain mail "Valing" {rC+ rN+}
rPois   +          Reflect  +   (helmet restricted)
rElec   +          Harm     .   G - scarf {rC+ rF+}
rCorr   .          Rampage  .   (no gloves)
Will    +....                   v - +0 pair of boots of Dishonesty {rElec}
Stlth   ..........              A - amulet of reflection
HPRegen 0.31/turn               c - +4 ring of protection {=R}
MPRegen 0.16/turn               W - ring of poison resistance

@: about to teleport, slowed, very slow
A: reduced essence, horns 2, retaliatory headbutt
a: Renounce Religion, Recall Ancestor, Ancestor Identity, Transference, Idealise


You were on level 14 of the Dungeon.
You worshipped Hepliaklqana.
Hepliaklqana was exalted by your worship.
You visited 3 branches of the dungeon, and saw 22 of its levels.

You collected 2215 gold pieces.
You spent 1989 gold pieces at shops.

Inventory:

Hand Weapons
 a - the +11 war axe of the Lusting Sybil {vorpal, rN++}
   (You found it on level 5 of the Lair of Beasts)

   It inflicts extra damage upon your enemies.
   rN:        It greatly protects you from negative energy.
 b - a +3 demon whip of venom (weapon)
 L - a +4 morningstar of draining
 Z - the +6 hand axe of True Grit {venom, rPois rN+ Will+}
   (You found it on level 8 of the Dungeon)

   It poisons the flesh of those it strikes.
   rPois:     It protects you from poison.
   rN:        It protects you from negative energy.
   Will:      It increases your willpower.
Missiles
 k - 2 throwing nets
 l - 2 silver javelins
 s - 25 poisoned darts (quivered)
 I - 4 curare-tipped darts
 Y - 3 boomerangs
Armour
 v - the +0 pair of boots of Dishonesty (worn) {rElec}
   (You found it on level 3 of the Dungeon)

   rElec:     It insulates you from electricity.
 D - a +1 cloak of willpower
 G - a scarf of resistance (worn)
 M - a +0 kite shield (worn)
 R - the +3 chain mail "Valing" (worn) {rC+ rN+}
   (You bought it in a shop on level 2 of the Orcish Mines)

   rC:        It protects you from cold.
   rN:        It protects you from negative energy.
Magical Staves
 K - a staff of air
Jewellery
 c - a +4 ring of protection (left hand) {=R}
 A - an amulet of reflection (around neck)
 N - a ring of willpower
 S - a ring of resist corrosion
 W - a ring of poison resistance (right hand)
Wands
 p - a wand of polymorph (4)
 q - a wand of mindburst (4)
 t - a wand of charming (1)
 y - a wand of acid (21)
 H - a wand of iceblast (19)
 J - a wand of digging (8)
 O - a wand of flame (8)
 V - a wand of paralysis (21)
Scrolls
 j - 2 scrolls of torment
 m - 2 scrolls of enchant weapon
 n - 4 scrolls of magic mapping
 u - 2 scrolls of poison
 B - a scroll of silence
 P - 5 scrolls of enchant armour
 Q - 7 scrolls of teleportation
 T - 9 scrolls of identify {@r1}
 X - 7 scrolls of vulnerability
Potions
 d - 2 potions of might
 e - 2 potions of resistance
 g - 3 potions of berserk rage
 h - a potion of invisibility
 i - 3 potions of attraction
 o - 2 potions of cancellation
 r - 14 potions of curing
 w - 3 potions of mutation
 x - 3 potions of brilliance
 z - 8 potions of lignification
 C - 3 potions of haste
 E - 9 potions of ambrosia
Miscellaneous
 F - a box of beasts
 U - a tin of tremorstones (2/2)


   Skills:
 + Level 16.6 Fighting
 - Level 13.8(16.0) Axes
 - Level 13.2(15.7) Maces & Flails
 - Level 3.0 Throwing
 + Level 16.3 Armour
 - Level 9.0 Shields
 - Level 6.5 Invocations
 - Level 4.0 Evocations


You had 14 spell levels left.
You didn't know any spells.
Your spell library contained the following spells:

 Spells                   Type           Power      Damage    Failure   Level
 Freeze                   Ice            0%         1d3       99%         1
 Sandblast                Erth           0%         2d4       99%         1
 Shock                    Conj/Air       0%         1d3       99%         1
 Slow                     Hex            0%         N/A       99%         1
 Blink                    Tloc           0%         N/A       100%        2
 Passwall                 Tmut/Erth      0%         N/A       100%        2
 Sublimation of Blood     Necr           0%         N/A       100%        2
 Wereblood                Tmut           0%         N/A       100%        2
 Confusing Touch          Hex            0%         N/A       100%        3
 Conjure Flame            Conj/Fire      0%         6-21      100%        3
 Frozen Ramparts          Ice            0%         1d2       100%        3
 Gell's Gravitas          Tloc           0%         N/A       100%        3
 Ignite Poison            Fire/Tmut/Pois 0%         N/A       100%        3
 Lesser Beckoning         Tloc           0%         N/A       100%        3
 Stone Arrow              Conj/Erth      0%         3d7       100%        3
 Swiftness                Air            0%         N/A       100%        3
 Teleport Other           Tloc           0%         N/A       100%        3
 Vampiric Draining        Necr           0%         2d6       100%        3
 Airstrike                Air            0%         N/A       100%        4
 Hailstorm                Conj/Ice       0%         3d3       100%        4
 Sticky Flame             Conj/Fire      0%         2d3       100%        4
 Summon Lightning Spire   Summ/Air       0%         N/A       100%        4
 Freezing Cloud           Conj/Ice/Air   0%         6-21      100%        5
 Lightning Bolt           Conj/Air       0%         1d11      100%        5
 Manifold Assault         Tloc           0%         N/A       100%        5
 Yara's Violent Unravell  Hex/Tmut       0%         3d3       100%        5
 Simulacrum               Ice/Necr       0%         N/A       100%        6
 Enfeeble                 Hex            0%         N/A       100%        7
 Storm Form               Tmut/Air       0%         N/A       100%        7
 Summon Hydra             Summ           0%         N/A       100%        7
 Polar Vortex             Ice            0%         N/A       100%        9


Dungeon Overview and Level Annotations

Branches:
Dungeon (14/15)            Temple (0/1) D:4            Lair (6/6) D:9
 Shoals (0/4) Lair:3        Snake (0/4) Lair:3        Slime (0/5) Lair:6
    Orc (2/2) D:10            Elf (0/3) Orc:2        Vaults (0/5) D:14

Altars:
Dithmenos
Hepliaklqana
Kikubaaqudgha
Ru
Vehumet
Xom
Beogh
Lugonu

Shops:
D:11 *   D:13 *   Orc:2 *=(?=

Portals:
Abyss: D:11 Lair:6

Annotations:
D:11 2 transporters, jujuben's ghost, journeyman GnSu
Lair:4 exclusion: 3 oklob plants
Lair:5 2 transporters


Innate Abilities, Weirdness & Mutations

Your life essence is reduced to manifest your ancestor. (-10% HP)
You have a pair of horns on your head.
You reflexively headbutt those who attack you in melee.


Message History

The ten-headed hydra bites you.
* * * LOW HITPOINT WARNING * * *
You block the ten-headed hydra's attack.
The ten-headed hydra bites you!
* * * LOW HITPOINT WARNING * * *
The ten-headed hydra bites you!
* * * LOW HITPOINT WARNING * * *
The ten-headed hydra bites you but does no damage.
The ten-headed hydra bites you.
* * * LOW HITPOINT WARNING * * *
You block the ten-headed hydra's attack.
The ten-headed hydra completely misses you.
Okay, then.
Okay, then.
Okay, then.
Okay, then.
Okay, then.
As you read the scroll of teleportation, it crumbles to dust.
You feel strangely unstable.
You block the ten-headed hydra's attack.
The ten-headed hydra bites you but does no damage.
The ten-headed hydra barely misses you.
You block the ten-headed hydra's attack.
The ten-headed hydra barely misses you. The ten-headed hydra bites you.
* * * LOW HITPOINT WARNING * * *
The ten-headed hydra barely misses you. x3; The ten-headed hydra bites you.
* * * LOW HITPOINT WARNING * * *
The ten-headed hydra bites you but does no damage.
You block the ten-headed hydra's attack.
The ten-headed hydra bites you but does no damage. x2
The ten-headed hydra bites you.
* * * LOW HITPOINT WARNING * * *
The ten-headed hydra bites you but does no damage. x3
You block the ten-headed hydra's attack.
The ten-headed hydra barely misses you.
The ten-headed hydra attacks as you move away!
You block the ten-headed hydra's attack.
The ten-headed hydra bites you but does no damage. x4
The ten-headed hydra barely misses you. The ten-headed hydra bites you.
You die...

#### ....# ##########
!....##### #........###
.........#
####.......<..
.........###WD@........#
#......#...##........#
#∩.))○°.°####........#
##.....## #........#
..........#
###.##..#######
#.#.#.....#
#.##........# .
.........#
#.##........##.
##..###'###
#......)....#.. #.. ...
###...♣..♣..#..


You could see a ten-headed hydra and a wraith.

Vanquished Creatures
  A sphinx (D:11)
  The ghost of Gelos the Brawler, a journeyman TrMo of Makhleb (Lair:3)
  Snorg (D:13)
  2 yaktaur captains
  3 hydras
  2 two-headed ogres
  A death yak (Lair:2)
  2 tengu warriors
  2 thrashing horrors (Lair:6)
  A lindwurm (Lair:6)
  4 ugly things (D:14)
  A wolf spider (D:11)
  4 orc sorcerers
  3 cyclopes
  6 elephants
  11 cane toads
  An eye of devastation (Lair:6)
  A torpor snail (Lair:2)
  2 smoke demons (Lair:6)
  5 gargoyles
  2 kobold demonologists
  2 yaktaurs (D:14)
  2 rime drakes (Lair:4)
  7 komodo dragons
  A tengu conjurer (D:14)
  2 ancient zymes (Lair:6)
  A meliai (Lair:4)
  2 trolls
  4 slime creatures (D:12)
  10 blink frogs
  2 dream sheep (Lair:6)
  A wraith (D:13)
  25 yaks
  2 ynoxinuls (Lair:6)
  A spriggan (Lair:6)
  2 wyverns
  4 basilisks
  A redback (Lair:4)
  2 wargs (Orc:2)
  2 acid dragons
  8 water moccasins
  Duvessa (D:5)
  A black bear (D:5)
  A sky beast (D:6)
  9 orc warriors
  An ogre (shapeshifter) (D:11)
  2 ogres (Orc:2)
  3 wolves
  2 centaurs
  A kobold brigand (D:10)
  3 bullfrogs
  A necrophage (D:5)
  Dowan (D:5)
  6 wights
  A hornet simulacrum (D:14)
  7 small abominations (Lair:6)
  17 killer bees
  6 howler monkeys
  An electric eel (Lair:4)
  A jelly (D:7)
  A hound (D:7)
  8 orc priests
  A gnoll shaman (D:6)
  18 orc wizards
  Natasha (twice) (D:2)
  4 hell rats (Lair:3)
  An adder (D:4)
  7 gnolls
  4 worms
  A dart slug (D:2)
  43 orcs
  8 ball pythons
  7 endoplasms
  A giant cockroach (D:2)
  7 goblins
  12 hobgoblins
  8 jackals
  4 kobolds
  3 quokkas
  6 bats
  2 frilled lizards
  A rat (D:2)
351 creatures vanquished.

Vanquished Creatures (collateral kills)
  Josephine (D:13)
  A hydra (Lair:6)
  2 ogre magi (Orc:2)
  A two-headed ogre (D:10)
  6 death yaks (Lair:2)
  Urug (Lair:1)
  A thrashing horror (Lair:6)
  Amaemon (Lair:1)
  2 deep elf pyromancers (D:13)
  2 ugly things (Lair:6)
  A cyclops (D:12)
  7 orc sorcerers (Orc:2)
  A manticore (D:13)
  3 black mambas
  Maurice (D:13)
  3 elephants (Lair:4)
  5 cane toads (Lair:6)
  A gargoyle (D:12)
  An orange demon (Lair:1)
  An unseen horror (D:11)
  4 rime drakes
  2 komodo dragons
  2 kobold demonologists (D:10)
  A meliai (shapeshifter) (Lair:6)
  A queen bee (shapeshifter) (Lair:6)
  2 meliai (Lair:4)
  A queen bee (Lair:4)
  A slime creature (D:12)
  5 blink frogs
  2 dream sheep (Lair:6)
  A wyvern (Lair:3)
  A shadow (D:11)
  3 wraiths
  13 yaks
  3 basilisks
  3 steam dragons
  2 large abominations (Lair:6)
  A warg (Orc:2)
  An acid dragon (D:11)
  A floating eye (Lair:6)
  3 sky beasts
  8 water moccasins
  7 orc warriors
  7 wolves
  2 centaurs
  5 ogres
  2 phantoms
  A small abomination (Lair:6)
  7 bullfrogs
  A kobold brigand (D:6)
  2 wights (D:7)
  15 killer bees
  2 howler monkeys
  An electric eel (D:6)
  A hound (D:3)
  4 jellies
  9 orc priests
  A gnoll shaman (D:8)
  4 iguanas
  19 orc wizards
  3 hell rats (Lair:3)
  9 gnolls
  2 adders (D:6)
  A white imp (D:7)
  An ufetubus (D:4)
  A worm (D:4)
  2 dart slugs
  34 orcs
  2 ball pythons (D:4)
  A bat (D:3)
  A hobgoblin (D:2)
  4 jackals
  6 kobolds
  2 quokkas (D:4)
  3 rats
265 creatures vanquished.

Vanquished Creatures (others)
  A gnoll sergeant (D:7)
  19 battlemagi
  17 fungi
  16 plants
53 creatures vanquished.

Grand Total: 669 creatures vanquished

Notes
Turn   | Place    | Note
-------+----------+-------------------------------------------
     0 | D:1      | dolemite99 the Minotaur Fighter began the quest for the
                  | Orb.
     0 | D:1      | Reached XP level 1. HP: 19/19 MP: 0/0
   249 | D:1      | Reached XP level 2. HP: 26/26 MP: 1/1
   251 | D:1      | Found a faded altar of an unknown god.
   266 | D:1      | Prayed at the altar of an unknown god.
   266 | D:1      | Became a worshipper of Hepliaklqana the Forgotten
   266 | D:1      | Reached * piety under Hepliaklqana
   550 | D:1      | Reached XP level 3. HP: 27/27 MP: 2/2
  1531 | D:2      | Reached skill level 5 in Maces & Flails
  1697 | D:2      | Noticed Natasha
  1702 | D:2      | Killed Natasha
  1703 | D:2      | Reached XP level 4. HP: 29/35 MP: 0/3
  1794 | D:2      | Reached ** piety under Hepliaklqana
  1796 | D:2      | Remembered your ancestor Lwandle as a battlemage
  2405 | D:2      | Noticed Natasha
  2410 | D:2      | Killed Natasha
  2748 | D:3      | Reached XP level 5. HP: 40/40 MP: 4/4
  3305 | D:3      | Identified the +0 pair of boots of Dishonesty {rElec}
  3594 | D:4      | Reached XP level 6. HP: 45/45 MP: 5/5
  3867 | D:4      | Found a staircase to the Ecumenical Temple.
  4256 | D:5      | Entered Level 5 of the Dungeon
  4256 | D:5      | Reached *** piety under Hepliaklqana
  4397 | D:5      | Reached XP level 7. HP: 44/51 MP: 6/6
  4481 | D:5      | Identified the +3 arbalest of Gravity {vorpal, *Slow rPois
                  | Str+4}
  4542 | D:5      | Reached skill level 10 in Maces & Flails
  5254 | D:5      | Noticed a steam dragon
  5254 | D:5      | Noticed a steam dragon
  5316 | D:5      | Noticed Duvessa
  5319 | D:5      | Noticed Dowan
  5330 | D:5      | Killed Duvessa
  5342 | D:5      | Killed Dowan
  5343 | D:5      | Reached XP level 8. HP: 46/57 MP: 7/7
  5919 | D:6      | Found a shadowy altar of Dithmenos.
  5920 | D:6      | Found a sacrificial altar of Ru.
  5983 | D:6      | Reached skill level 1 in Invocations
  6907 | D:6      | Reached skill level 5 in Invocations
  7000 | D:6      | Reached **** piety under Hepliaklqana
  7369 | D:6      | Reached XP level 9. HP: 55/63 MP: 12/12
  7998 | D:7      | Reached skill level 5 in Armour
  9088 | D:8      | Reached skill level 5 in Fighting
  9235 | D:8      | Reached skill level 1 in Evocations
  9235 | D:8      | Reached XP level 10. HP: 74/74 MP: 13/13
 10082 | D:8      | Identified the +6 hand axe of True Grit {venom, rPois rN+
                  | Will+}
 10144 | D:8      | Reached skill level 1 in Axes
 10246 | D:9      | Found a staircase to the Lair.
 10638 | D:9      | Reached skill level 5 in Axes
 10640 | D:9      | Noticed a two-headed ogre
 10658 | D:9      | Killed a two-headed ogre
 11002 | D:9      | Reached XP level 11. HP: 73/84 MP: 12/14
 11416 | D:10     | Entered Level 10 of the Dungeon
 12179 | D:10     | Found a staircase to the Orcish Mines.
 12213 | D:10     | Noticed a two-headed ogre
 12220 | D:10     | Killed a two-headed ogre
 12345 | D:10     | Noticed a two-headed ogre
 12350 | D:10     | Killed a two-headed ogre
 12351 | D:10     | Reached skill level 10 in Fighting
 12811 | Lair:1   | Entered Level 1 of the Lair of Beasts
 12992 | Lair:1   | Reached skill level 10 in Armour
 13237 | Lair:1   | Noticed Urug
 13245 | Lair:1   | Killed Urug
 13249 | Lair:1   | Reached skill level 5 in Shields
 13257 | Lair:1   | Reached skill level 1 in Throwing
 13375 | Lair:1   | Noticed Amaemon
 13386 | Lair:1   | Killed Amaemon
 13387 | Lair:1   | Reached XP level 12. HP: 67/99 MP: 7/15
 13823 | Lair:1   | Found a shimmering altar of Xom.
 14410 | Lair:2   | Noticed a death yak
 14411 | Lair:2   | Noticed a death yak
 14419 | Lair:2   | Killed a death yak
 14423 | Lair:2   | Killed a death yak
 14780 | Lair:2   | Noticed a death yak
 14780 | Lair:2   | Noticed a death yak
 14788 | Lair:2   | Noticed a death yak
 14788 | Lair:2   | Noticed a death yak
 14789 | Lair:2   | Noticed a death yak
 14796 | Lair:2   | Killed a death yak
 14802 | Lair:2   | Killed a death yak
 14803 | Lair:2   | Killed a death yak
 14803 | Lair:2   | Killed a death yak
 14805 | Lair:2   | Killed a death yak
 15840 | Lair:3   | Reached ***** piety under Hepliaklqana
 15904 | Lair:3   | Found a transporter.
 15908 | Lair:3   | Noticed Gelos's ghost (journeyman TrMo)
 15912 | Lair:3   | Noticed a six-headed hydra
 16056 | Lair:3   | Found a transporter.
 16199 | Lair:3   | Found a staircase to the Snake Pit.
 16212 | Lair:3   | Identified the +1 ring mail of Disguise {*Slow rElec rN+
                  | rCorr SInv}
 16360 | Lair:3   | Found a staircase to the Shoals.
 16798 | Lair:4   | Reached XP level 13. HP: 97/109 MP: 12/16
 16904 | Lair:4   | Noticed Nessos
 16905 | Lair:4   | Noticed Nessos
 16905 | Lair:4   | Nessos changed into Nessos the redback
 16907 | Lair:4   | Killed Nessos the redback
 18143 | Lair:5   | Identified the +11 war axe of the Lusting Sybil {vorpal,
                  | rN++}
 18255 | Lair:5   | Found a transporter.
 18290 | Lair:5   | Found a transporter.
 18307 | Lair:5   | Identified the +6 rapier of Governance {pain, rN+ Str-3
                  | Int+2}
 18772 | Lair:6   | Entered Level 6 of the Lair of Beasts
 19614 | Lair:6   | Paralysed by a floating eye for 2 turns
 19617 | Lair:6   | Paralysed by a floating eye for 4 turns
 19788 | Lair:6   | Reached skill level 10 in Axes
 20690 | Lair:6   | Found a staircase to the Slime Pits.
 21098 | Lair:6   | Reached XP level 14. HP: 118/118 MP: 15/17
 21188 | Lair:6   | Found a corrupted altar of Lugonu.
 21188 | Lair:6   | Found a one-way gate to the infinite horrors of the Abyss.
 21644 | Lair:3   | Killed Gelos's ghost
 22305 | D:11     | Found Rixewoxi's Assorted Antiques.
 22314 | D:11     | Noticed jujuben's ghost (journeyman GnSu)
 22326 | D:11     | Bought a scroll of teleportation for 84 gold pieces
 22326 | D:11     | Bought a scroll of teleportation for 84 gold pieces
 22326 | D:11     | Bought a scroll of poison for 98 gold pieces
 22326 | D:11     | Bought a scroll of identify for 56 gold pieces
 22508 | D:11     | Found a transporter.
 22508 | D:11     | Found a transporter.
 22714 | D:11     | Identified the +9 war axe "Picwestreats" {vorpal, rElec rC+
                  | Str+5 Int-2}
 22785 | D:11     | Noticed a sphinx
 22801 | D:11     | Killed a sphinx
 23672 | D:12     | Reached skill level 15 in Fighting
 24006 | Orc:1    | Entered Level 1 of the Orcish Mines
 24201 | Orc:2    | Entered Level 2 of the Orcish Mines
 24298 | Orc:2    | Reached skill level 15 in Armour
 24449 | Orc:2    | Reached ****** piety under Hepliaklqana
 24469 | Orc:2    | Found Saat's Assorted Antiques.
 24480 | Orc:2    | Bought a translucent chain mail for 313 gold pieces
 24480 | Orc:2    | Identified the +3 chain mail "Valing" {rC+ rN+} (You bought
                  | it in a shop on level 2 of the Orcish Mines)
 24593 | Orc:2    | Found a staircase to the Elven Halls.
 24867 | Orc:2    | Found Zazoho's Antique Weapon Emporium.
 25016 | Orc:2    | Found an ancient bone altar of Kikubaaqudgha.
 25124 | Orc:2    | Found Cishreo Siykh's Jewellery Emporium.
 25127 | Orc:2    | Paralysed by an orc sorcerer for 2 turns
 25211 | Orc:2    | Bought an amulet of reflection for 450 gold pieces
 25229 | Orc:2    | Found Fiff's Jewellery Shoppe.
 25259 | Orc:2    | Found Xes Edul's Magic Scroll Shoppe.
 25261 | Orc:2    | Bought a ring of willpower for 425 gold pieces
 25277 | Orc:2    | Bought a scroll of teleportation for 45 gold pieces
 25277 | Orc:2    | Bought a scroll of enchant weapon for 112 gold pieces
 25277 | Orc:2    | Bought a scroll of enchant armour for 112 gold pieces
 25277 | Orc:2    | Bought a scroll of enchant weapon for 112 gold pieces
 25297 | Orc:2    | Found a radiant altar of Vehumet.
 25570 | D:13     | Noticed Snorg
 25576 | D:13     | Killed Snorg
 25604 | D:13     | Noticed Maurice
 25614 | D:13     | Killed Maurice
 25678 | D:13     | Identified the +5 quarterstaff "Minotaur's Doom" {venom,
                  | Str+4 Int-5}
 25685 | D:13     | Found Ratook's CLEARANCE SALE!.
 25689 | D:13     | Bought a potion of resistance for 70 gold pieces
 25689 | D:13     | Bought a scroll of identify for 14 gold pieces
 25689 | D:13     | Bought a scroll of identify for 14 gold pieces
 25903 | D:13     | Noticed Josephine
 25913 | D:13     | Killed Josephine
 26606 | D:14     | Reached XP level 15. HP: 127/130 MP: 18/18
 26628 | D:14     | Found a gate to the Vaults.
 26649 | D:14     | HP: 5/130 [ten-headed hydra (2)]
 26649 | D:14     | HP: 1/130 [ten-headed hydra (4)]
 26650 | D:14     | Slain by a ten-headed hydra

Illustrated notes

Levels and vault maps discovered:
D:1:      ebering_hopf_link, layout_basic, hellmonk_ecumenical_altar_dog_temple,
          hangedman_decor_slide_cut
D:2:      layout_basic, minmay_goblin_kobold_house, uniq_natasha
D:3:      layout_basic, kennysheep_small_spiral
D:4:      layout_basic, minmay_temple_entry_antechambers
D:5:      kennysheep_steamy, layout_loops_corners, grunt_ministairs_11,
          uniq_duvessa
D:6:      layout_basic, nicolae_overflow_squiral, grunt_ministairs_2,
          serial_park_tiny_pond, kennysheep_decorative_pillar, lightli_minifort
D:7:      layout_rooms, serial_co_window_serial, co_window_corner_a,
          co_window_corner_a, co_window_corner_a, co_window_paths_a,
          co_window_of_opportunity_a, co_window_corner_a,
          co_window_of_opportunity_a, co_window_2corner, co_window_broadway_c,
          co_window_of_opportunity_b, co_window_unsneaky_path_a,
          co_window_broadway_c, co_window_corner_b,
          eino_small_chamber_without_monster
D:8:      layout_loops_ring, enter_bailey_2, moated_statue
D:9:      layout_basic, dpeg_oklobed_lair, special_room [special_room_orc],
          minivault_26, kennysheep_another_room
D:10:     layout_irregular_city, david_orc_4,
          nicolae_concentric_dashed_squares_mild
D:11:     minmay_glassy_protrusions, layout_cave_pools,
          gammafunk_ghost_abyssal_escape, serial_shops, shop,
          minmay_misc_feat_room, minivault_19
D:12:     layout_basic
D:13:     layout_roguey, hangedman_abyss_or_decor_clamps,
          nicolae_shop_clearance, uniq_maurice, uniq_snorg, uniq_josephine
D:14:     layout_roguey, david_vaults_2, nicolae_uskayaw_dance_hall,
          chequers_garden
Lair:1:   layout_small_grid, basic_altar, nicolae_lair_grazing_beasts
          [nicolae_sub_lair_graze_edge, nicolae_sub_lair_graze_edge,
          nicolae_sub_lair_graze_edge, nicolae_sub_lair_graze_edge], uniq_urug,
          uniq_amaemon
Lair:2:   layout_gridlike
Lair:3:   layout_cave_pods, shoals_dummy_entry, dummy_snake_entry,
          nzn_ghost_randoct, infiniplex_staircase_pool, lemuel_fruit_fields
Lair:4:   layout_gridlike, special_room [special_room_bee], dpeg_oklob_1,
          grunt_megastairs_4, lemuel_fruit_tree, serial_bayou_shore_b,
          uniq_nessos
Lair:5:   gammafunk_worm_tunnel, layout_misc_corridors
Lair:6:   hellmonk_lair_end_abyssal_woods, layout_cave_shapes,
          minmay_slime_entry_eyes, chequers_serial_rivers_micro_e
Orc:1:    layout_caves
Orc:2:    kennysheep_orc_mage_school, layout_caves, serial_shops,
          nicolae_shop_temple_entry_statues_fountains

Skill      XL: |  1  2  3  4  5  6  7  8  9 10 11 12 13 14 |
---------------+-------------------------------------------+-----
Maces & Flails | 3 4 5 6 7 9 11 12 13 | 13.2
Invocations    | 6 |  6.5
Armour         | 8 10 12 13 16 | 16.3
Fighting       | 6 8 11 13 14 16 | 16.6
Evocations     | 1 4 |  4.0
Axes           | 7 13 | 13.8
Shields        | 5 9 |  9.0
Throwing       | 2 3 |  3.0

Action                   |  1- 3 |  4- 6 |  7- 9 | 10-12 | 13-15 || total
-------------------------+-------+-------+-------+-------+-------++-------
Melee: Flail             |    76 |    54 |   144 |    38 |       ||   312
       Headbutt          |    13 |     7 |    26 |    68 |    83 ||   197
       Hand axe          |       |       |       |    85 |       ||    85
       Morningstar       |       |       |       |    97 |     4 ||   101
       Demon whip        |       |       |       |   115 |   135 ||   250
       War axe           |       |       |       |       |   232 ||   232
Throw: Dart              |    43 |    31 |    42 |    68 |    10 ||   194
       Javelin           |       |       |       |    31 |   102 ||   133
Invok: Recall Ancestor   |     3 |     3 |     3 |     3 |     5 ||    17
       Ancestor Life: Ba |       |     1 |       |       |       ||     1
       Idealise          |       |       |       |     8 |     9 ||    17
Evoke: Wand              |       |       |       |    13 |     7 ||    20
       Box of beasts     |       |       |       |     1 |     1 ||     2
  Use: Scroll            |       |    15 |     6 |    13 |    11 ||    45
       Potion            |       |       |     4 |     2 |     2 ||     8
 Stab: Distracted        |       |       |     1 |     3 |     5 ||     9
Armor: Scale mail        |    44 |    13 |       |       |       ||    57
       Chain mail        |       |    27 |     8 |    18 |   207 ||   260
       Plate armour      |       |       |    77 |   128 |       ||   205
Dodge: Dodged            |    30 |    21 |    38 |    73 |    69 ||   231
Block: Buckler           |    20 |    11 |    28 |    55 |       ||   114
       Kite shield       |       |       |       |    32 |   206 ||   238
       Reflection        |       |       |       |       |     4 ||     4

Table legend: (Time is in decaauts)
 A = Elapsed time spent in this place.
 B = Non-inter-level travel time spent in this place.
 C = Inter-level travel time spent in this place.
 D = Time resting spent in this place.
 E = Time spent auto-exploring this place.
 F = Levels seen in this place.
 G = Mean time per level.
                   A        B        C        D        E       F      G
               +--------+--------+--------+--------+--------+-----+--------+
         Total |  26587 |  25469 |   1118 |   6616 |  14221 |  22 | 1208.5 |
       Dungeon |  15880 |  15208 |    672 |   3187 |   9286 |  14 | 1134.3 |
          Lair |   9208 |   8870 |    338 |   3264 |   4162 |   6 | 1534.7 |
  Orcish Mines |   1499 |   1392 |    107 |    165 |    773 |   2 |  749.5 |
               +--------+--------+--------+--------+--------+-----+--------+

Top non-repeatable levels by time:
     D:6: 2133 daAuts
  Lair:6: 2014 daAuts
     D:2: 1715 daAuts
     D:5: 1588 daAuts
  Lair:1: 1500 daAuts
  Lair:2: 1470 daAuts
    D:10: 1454 daAuts
  Lair:3: 1430 daAuts
  Lair:5: 1425 daAuts
  Lair:4: 1368 daAuts
   Orc:2: 1274 daAuts
     D:9: 1264 daAuts
     D:8: 1122 daAuts
    D:11: 1076 daAuts
     D:7: 1060 daAuts
